 Dungeon Crawl Stone Soup version 0.17-a0-1504-gb7d9117 (webtiles) character file.

157 ololoev the Vexing (level 5, -6/37 HPs)
             Began as a Formicid Arcane Marksman on July 7, 2015.
             Mangled by an iguana (9 damage)
             ... on level 3 of the Dungeon.
             The game lasted 00:14:53 (3909 turns).

ololoev the Vexing (Formicid Arcane Marksman)       Turns: 3909, Time: 00:14:53

Health: -6/37      AC:  2    Str: 16    XL:     5   Next: 66%
Magic:  6/6        EV: 17    Int: 13    God:
Gold:   171        SH:  0    Dex: 15    Spells: 2 memorised, 3 levels left

rFire  . . .     SeeInvis +     b - +2 short sword (venom)
rCold  . . .     Clarity  .     c - +0 robe
rNeg   . . .     SustAt   .     (no shield)
rPois  .         Gourm    .     (helmet unavailable)
rElec  .         Spirit   .     (no cloak)
rCorr  .         Warding  .     (no gloves)
rMut   .         Stasis   +     (no boots)
MR     .....                    (no amulet)
Stlth  ++........               (no ring)
                                (no ring)

@: agile, not resistant to hostile enchantments, unstealthy
A: permanent stasis, dig shafts and tunnels, four strong arms, antennae 3
a: Dig, Shaft Self


Innate Abilities, Weirdness & Mutations

You are under a permanent stasis effect.
You can dig through walls and to a lower floor.
Your four strong arms can wield two-handed weapons with a shield.
You have a pair of large antennae on your head (SInv).

Inventory:

Hand weapons
 a - a +0 hunting sling
 b - a +2 short sword of venom (weapon)
 y - a +3 whip
Missiles
 h - 130 stones (quivered)
 i - 41 sling bullets
Armour
 c - a +0 robe (worn)
 q - a +0 shield
 u - a +0 ring mail
Scrolls
 f - a scroll of immolation {unknown}
 g - 2 scrolls of magic mapping {unknown}
 j - a scroll of amnesia {unknown}
 k - a scroll of blinking {unknown}
 n - 5 scrolls of identify {unknown}
 p - a scroll of noise {unknown}
 s - a scroll of fog {unknown}
 t - a scroll of recharging {unknown}
Potions
 l - 3 potions of degeneration {unknown}
 m - a potion of curing {unknown}
 o - a potion of might {unknown}
 v - a potion of mutation {unknown}
 w - a potion of lignification {unknown}
Books
 d - a book of Debilitation

   Spells                             Type                      Level
   a - Corona                         Hexes                        1
   b - Slow                           Hexes                        2
   c - Gell's Gravitas                Hexes/Translocation          3
   d - Inner Flame                    Hexes/Fire                   3
   e - Cause Fear                     Hexes                        4
   f - Leda's Liquefaction            Hexes/Earth                  4
Comestibles
 e - 2 bread rations
 r - 20 fruits


   Skills:
 - Level 1.1 Fighting
 * Level 4.5 Slings
 + Level 1.3 Armour
 - Level 1.7 Dodging
 - Level 1.1 Spellcasting
 + Level 5.2 Hexes


You had 3 spell levels left.
You knew the following spells:

 Your Spells              Type           Power        Failure   Level  Hunger
a - Corona                Hex            ##.....      3%          1    ##.....
b - Slow                  Hex            ##......     6%          2    ###....


You were on level 3 of the Dungeon.
You were not hungry.

You visited 1 branch of the dungeon, and saw 4 of its levels.

You collected 171 gold pieces.

..##.##.# #.#.##...###.#
#.#
#.##.##.#####)#.#####....#
#.# #.............#.#
#.#### #.#
####.##.#######.# #.# #.#
#.##.# #.# #.# #.# #.##.#
#.# #.# ##.# ##.##.# #.#
#.# #..# ###.#.#.#
##l#####.# #.## ...###..#
#..@.....# #.# ###.#.###
#..####### #.# ##.## #..#
#.# ############## #.#
#≈≈≈≈≈≈≈≈# #.#
####........###### #####.#
##_...............#
#.....#
.####........####.#
#.##### ## #≈≈≈≈≈≈≈≈#
#.########.#

Notes
Turn   | Place    | Note
--------------------------------------------------------------
     0 | D:1      | ololoev the Formicid Arcane Marksman began the quest for the Orb.
     0 | D:1      | Reached XP level 1. HP: 15/15 MP: 2/2
    72 | D:1      | Reached skill level 4 in Hexes
    72 | D:1      | Reached XP level 2. HP: 5/21 MP: 3/3
   361 | D:1      | Learned a level 2 spell: Slow
   727 | D:1      | Reached XP level 3. HP: 26/26 MP: 4/4
  1338 | D:2      | Reached XP level 4. HP: 19/32 MP: 2/5
  2064 | D:2      | Found a shimmering altar of Xom.
  2110 | D:2      | Found a glowing silver altar of Zin.
  2511 | D:3      | Reached skill level 5 in Hexes
  2511 | D:3      | Reached XP level 5. HP: 16/37 MP: 2/6
  2788 | D:3      | Reached skill level 1 in Armour
  3057 | D:3      | Found an opulent altar of Gozag.
  3800 | D:3      | Found an ancient bone altar of Kikubaaqudgha.
  3909 | D:3      | Mangled by an iguana

Dungeon Overview and Level Annotations

Branches:
Dungeon (4/15)
 Temple: D:4-7

Altars:
Gozag
Kikubaaqudgha
Xom
Zin


Message History

The iguana hisses angrily.
The orc shouts!
Found a runed short sword and 25 stones.
Found a stone staircase leading down and a stone staircase leading up.
There is a stone staircase leading up here.
Firing (i - inventory. (,) - cycle):
h - 134 stones (quivered)
Press: ? - help, Shift-Dir - straight line, f - iguana
Aim: an iguana You shoot a stone.
The stone hits the iguana but does no damage.
A jackal skeleton comes into view.
Firing (i - inventory. (,) - cycle):
h - 133 stones (quivered)
Press: ? - help, Shift-Dir - straight line, f/p - iguana
Aim: an iguana You shoot a stone.
The stone closely misses the iguana.
A quokka skeleton comes into view.
Firing (i - inventory. (,) - cycle):
h - 132 stones (quivered)
Press: ? - help, Shift-Dir - straight line, f/p - iguana
Aim: an iguana You shoot a stone.
The stone barely misses the iguana.
The stone hits the quokka skeleton.
Firing (i - inventory. (,) - cycle):
h - 131 stones (quivered)
Press: ? - help, Shift-Dir - straight line, f/p - iguana
Aim: an iguana You shoot a stone.
The stone barely misses the iguana.
The stone hits the quokka skeleton.
You destroy the quokka skeleton!
The iguana barely misses you. The iguana bites you!
You climb upwards.
There is a stone staircase leading down here.
It begins to drip with poison!
b - a +2 short sword of venom (weapon)
You hit the iguana but do no damage.
The iguana is poisoned.
The iguana bites you!
You barely miss the iguana. The iguana bites you! The iguana bites you.
Drink which item? (? for menu, Esc to quit)
You feel agile all of a sudden. The iguana bites you!
You die...

You could see an iguana.

Vanquished Creatures
  An orc priest (D:3)
  4 adders
  An ooze (D:1)
  A worm (D:2)
  4 giant geckos
  7 orcs
  5 bats
  10 hobgoblins
  14 kobolds
  A ball python (D:2)
  6 giant cockroaches
  10 goblins
  A quokka skeleton (D:4)
  5 rats
  A rat zombie (D:3)
  2 plants (D:3)
73 creatures vanquished.

Vanquished Creatures (others)
  A plant (D:3)
1 creature vanquished.

Grand Total: 74 creatures vanquished

Action                   |  1- 3 |  4- 6 || total
-------------------------+-------+-------++-------
Melee: Dagger            |     6 |       ||     6
       Whip              |    21 |    75 ||    96
       Short sword       |       |    27 ||    27
 Fire: Hunting sling     |    71 |   124 ||   195
Throw: Stone             |     2 |       ||     2
 Cast: Slow              |     4 |     5 ||     9
  Use: Potion            |       |     1 ||     1
 Stab: Sleeping          |     1 |       ||     1
  Eat: Chunk             |     1 |     9 ||    10

Vault maps used:
D:1:      dpeg_arrival_three_smaller_balls, serial_bayou_crossing
D:2:      xom_teletrap_fun, zin_academy, dk_vineyard_2
D:3:      lemuel_round_altar, lemuel_zombie_altar_kikubaaqudgha,
          serial_bayou_lagoon_b
